 Dungeon Crawl Stone Soup version 0.17.1-1-g73c8601 (webtiles) character file.

252 Implojin the Ruffian (level 5, -3/50 HPs)
             Began as a Troll Monk on Apr 6, 2016.
             Killed from afar by Dowan (12 damage)
             ... with a shard of ice
             ... on level 4 of the Dungeon.
             The game lasted 00:03:02 (508 turns).

Implojin the Ruffian (Troll Monk)                    Turns: 508, Time: 00:03:02

Health: -3/50      AC:  6    Str: 19      XL:     5   Next: 89%
Magic:  4/4        EV: 10    Int:  5 (6)  God:
Gold:   64         SH:  0    Dex: 13      Spells: 0 memorised, 4 levels left

rFire  . . .     SeeInvis .       - Unarmed
rCold  . . .     Clarity  .     a - +0 robe
rNeg   . . .     SustAt   .     (no shield)
rPois  +         Gourm    +     (helmet restricted)
rElec  .         Spirit   .     d - +0 cloak
rCorr  .         Warding  .     (gloves unavailable)
rMut   .         Stasis   .     (boots unavailable)
MR     .....                    (no amulet)
Stlth  +.........               (no ring)
                                i - ring of poison resistance

@: not resistant to hostile enchantments, very unstealthy
A: unfitting armour, claws 3, fast metabolism 3, gourmand, regeneration 2,
shaggy fur 1, tough skin 2
a: no special abilities


You were on level 4 of the Dungeon.
You were not hungry.

You visited 1 branch of the dungeon, and saw 4 of its levels.

You collected 64 gold pieces.

Inventory:

Armour
 a - a +0 robe (worn)
 d - a +0 cloak (worn)
Jewellery
 i - a ring of poison resistance (left claw)
Scrolls
 g - a scroll of noise
Potions
 f - a potion of degeneration
Comestibles
 b - 2 bread rations
 c - a royal jelly
 h - a slice of pizza
 j - 5 fruits


   Skills:
 - Level 2.4 Fighting
 - Level 2.4 Dodging
 - Level 1.1 Stealth
 * Level 7.2 Unarmed Combat


You had 4 spell levels left.
You didn't know any spells.

Dungeon Overview and Level Annotations

Branches:
Dungeon (4/15)
 Temple: D:4-7

Altars:

Shops:
D:4 *

Annotations:
D:4 Dowan


Innate Abilities, Weirdness & Mutations

You are too large for most types of armour.
You have claws for hands.
Your metabolism is lightning-fast.
You like to eat raw meat.
You heal very quickly.
You are covered in fur (AC +1).
You have very tough skin (AC +2).


Message History

A sky beast comes into view.
You claw the orc!
You kill the orc!
The phantom blinks!
Dowan shakes with grief.
Dowan casts a spell at you. The shard of ice hits you!
* * * LOW HITPOINT WARNING * * *
Drink which item? (? for menu, Esc to quit)
Okay, then.
Read which item? (? for menu, Esc to quit)
As you read the scroll labeled MOTTEI QARGHIN, it crumbles to dust.
The scroll dissolves into smoke.
It was a scroll of fog.
You completely miss Dowan.
Dowan is severely wounded.
Dowan hits you but does no damage.
You scratch Dowan.
Dowan is almost dead.
Dowan casts a spell.
Dowan blinks!
You scratch the sky beast.
The sky beast is moderately wounded.
You claw the sky beast!
The sky beast is heavily wounded.
The sky beast barely misses you.
You claw the sky beast!
You kill the sky beast!
Your Unarmed Combat skill increases to level 7!
Dowan barely misses you.
You closely miss Dowan.
Dowan is almost dead.
Dowan hits you but does no damage.
You closely miss Dowan.
Dowan is almost dead.
Dowan closely misses you.
You scratch Dowan but do no damage.
Dowan is almost dead.
Dowan casts a spell at you. The shard of ice hits you!
You die...

#.# ......
#.######......
#.##..........
#.##..........
#.##........(.
#.##..........
#§##.......... #
#§##..........
#.#@##....e.....
#.#e##..........
#.§W§§§Y........
#§.###e...######
#..#≈#......#
#..###..#.#.#
#.........#.#
.....#..#.#.# #
!#####.##.#.#


You could see a phantom and Dowan.

Vanquished Creatures
  Duvessa (D:4)
  A sky beast (D:4)
  3 adders
  2 worms
  4 orcs
  4 bats
  2 hobgoblins
  A giant newt (D:1)
  2 goblins
  2 kobolds
  A quokka skeleton (D:3)
  4 rats
27 creatures vanquished.

Notes
Turn   | Place    | Note
--------------------------------------------------------------
     0 | D:1      | Implojin the Troll Monk began the quest for the Orb.
     0 | D:1      | Reached XP level 1. HP: 22/22 MP: 0/0
   224 | D:2      | Reached XP level 2. HP: 29/29 MP: 1/1
   347 | D:3      | Reached skill level 5 in Unarmed Combat
   347 | D:3      | Reached XP level 3. HP: 33/36 MP: 2/2
   441 | D:4      | Noticed Duvessa
   445 | D:4      | Found Jaomoegi's Assorted Antiques.
   468 | D:4      | Killed Duvessa
   468 | D:4      | Reached skill level 6 in Unarmed Combat
   468 | D:4      | Reached XP level 4. HP: 20/44 MP: 3/3
   468 | D:4      | Reached XP level 5. HP: 22/50 MP: 4/4
   470 | D:4      | Noticed Dowan
   494 | D:4      | Noticed a phantom
   496 | D:4      | Noticed a sky beast
   505 | D:4      | Killed a sky beast
   505 | D:4      | Reached skill level 7 in Unarmed Combat
   508 | D:4      | Killed from afar by Dowan

Action                   |  1- 3 |  4- 6 || total
-------------------------+-------+-------++-------
Melee: Unarmed           |    85 |    15 ||   100
  Use: Scroll            |       |     2 ||     2
       Potion            |       |     1 ||     1
  Eat: Chunk             |     4 |       ||     4

Table legend:
 A = Turns spent in this place as a percentage of turns spent in the entire game.
 B = Non-inter-level travel turns spent in this place as a percentage of non-inter-level travel turns spent in the entire game.
 C = Inter-level travel turns spent in this place as a percentage of turns spent in this place.
 D = Turns resting spent in this place as a percentage of non-inter-level travel turns spent in this place.
 E = Turns spent auto-exploring this place as a percentage of non-inter-level travel turns spent in this place.
 F = Non-inter-level travel turns spent in this place divided by the number of levels of this place that you've seen.
                   A       B       C       D       E      F
               +-------+-------+-------+-------+-------+----------------------
         Total | 100.0 | 100.0 |   0.0 |   0.4 |   0.0 | 125.2
       Dungeon | 100.0 | 100.0 |   0.0 |   0.4 |   0.0 | 125.2
               +-------+-------+-------+-------+-------+----------------------

Table legend:
 A = Kills in this place as a percentage of kills in entire the game.
 B = Kills by you in this place as a percentage of kills by you in the entire game.
 C = Kills by friends in this place as a percentage of kills by friends in the entire game.
 D = Other kills in this place as a percentage of other kills in the entire game.
 E = Experience gained in this place as a percentage of experience gained in the entire game.
 F = Experience gained in this place divided by the number of levels of this place that you have seen.
                   A       B       C       D       E      F
               +-------+-------+-------+-------+-------+----------------------
         Total | 100.0 | 100.0 |  -nan |  -nan | 100.0 |  90.0
       Dungeon | 100.0 | 100.0 |  -nan |  -nan | 100.0 |  90.0
               +-------+-------+-------+-------+-------+----------------------
